 Dungeon Crawl Stone Soup version 0.26.1-11-gd32895ea62 (webtiles) character file.

Game seed: 1510100053173737590

225261 phalm the Spear-Bearer (level 19, -1/148 HPs)
             Began as a Gnoll Conjurer on June 15, 2021.
             Was the Champion of Cheibriados.
             Collided with a rock wall (13 damage)
             ... caused by a nagaraja
             ... on level 4 of the Snake Pit.
             The game lasted 01:59:59 (49037 turns).

phalm the Spear-Bearer (Gnoll Conjurer)            Turns: 49037, Time: 01:59:59

Health: -1/148     AC: 15    Str: 32    XL:     19   Next: 32%
Magic:  5/36       EV: 27    Int: 50    God:    Cheibriados [******]
Gold:   3151       SH: 16    Dex: 33    Spells: 6/45 levels left

rFire    + + .     SeeInvis .   a - +5 hand axe of Foolhardiness {vorpal, rPois rF+ rC- Int+5}
rCold    + + .     Faith    .   R - +0 kite shield {rF+}
rNeg     + + .     Spirit   .   y - +1 ring mail of Zetihui {-Tele rElec rC+++ Str-2}
rPois    +         Reflect  .   I - +0 helmet
rElec    +         Harm     .   q - scarf {repulsion}
rCorr    +         Rampage  .   j - +3 pair of gloves "Defege" {rCorr Str+3 Int+4}
Will     +....     NoTele   +   (no boots)
Stlth    ++++++....             g - amulet of regeneration
HPRegen  0.74/turn              J - ring of Daffodils {rN++ Str+6 Int-5 Dex+4 Stlth-}
MPRegen  0.25/turn              k - ring of Fegiq {Wiz Int+3 Stlth+}

@: studying 2 skills, repel missiles, very slow
A: distributed training, fangs 1, strong nose
}: 1/15 runes: decaying
a: Renounce Religion, Bend Time, Temporal Distortion, Slouch, Step From Time


You were on level 4 of the Snake Pit.
You worshipped Cheibriados.
Cheibriados was exalted by your worship.
You visited 5 branches of the dungeon, and saw 31 of its levels.
You also visited: Bailey and Ice Cave.

You collected 4541 gold pieces.
You spent 1390 gold pieces at shops.


Innate Abilities, Weirdness & Mutations

Your experience applies equally to all skills.
You have very sharp teeth.
Your uncanny sense of smell can sniff out nearby items.


   Skills:
 + Level 12.7 Fighting
 + Level 12.7 Short Blades
 + Level 12.7 Long Blades
 + Level 12.7 Axes
 + Level 12.7 Maces & Flails
 + Level 14.8 Polearms
 + Level 12.7 Staves
 + Level 12.7 Slings
 + Level 12.7 Bows
 + Level 12.7 Crossbows
 + Level 12.7 Throwing
 + Level 14.6 Armour
 + Level 13.4 Dodging
 + Level 13.3 Stealth
 + Level 12.7 Shields
 + Level 12.7 Unarmed Combat
 + Level 13.5 Spellcasting
 + Level 12.7 Conjurations
 + Level 10.9 Hexes
 + Level 10.9 Summonings
 + Level 10.9 Necromancy
 + Level 10.9 Translocations
 + Level 10.9 Transmutations
 + Level 10.9 Fire Magic
 + Level 10.9 Ice Magic
 + Level 10.9 Air Magic
 + Level 10.9 Earth Magic
 + Level 10.9 Poison Magic
 + Level 13.7 Invocations
 + Level 12.7 Evocations


You had 6 spell levels left.
You knew the following spells:

 Your Spells              Type           Power        Failure   Level
a - Airstrike             Air            48%          1%          4
b - Fireball              Conj/Fire      50%          1%          5
f - Fulminant Prism       Conj/Hex       50%          1%          4
i - Invisibility          Hex            97%          1%          6
l - Lightning Bolt        Conj/Air       50%          1%          5
s - Searing Ray           Conj           100%         0%          2
t - Summon Lightning Spi  Summ/Air       97%          1%          4
B - Blink                 Tloc           N/A          0%          2
X - Iskenderun's Mystic   Conj/Tloc      100%         1%          4
Y - Ignite Poison         Fire/Tmut/Pois 97%          1%          3

Your spell library contained the following spells:

 Spells                   Type           Power        Failure   Level
 Animate Skeleton         Necr           100%         0%          1
 Apportation              Tloc           100%         0%          1
 Beastly Appendage        Tmut           100%         0%          1
 Corona                   Hex            100%         0%          1
 Foxfire                  Conj/Fire      100%         0%          1
 Magic Dart               Conj           100%         0%          1
 Pain                     Necr           100%         0%          1
 Shock                    Conj/Air       100%         0%          1
 Summon Small Mammal      Summ           100%         0%          1
 Call Imp                 Summ           97%          0%          2
 Ensorcelled Hibernation  Hex/Ice        100%         0%          2
 Poisonous Vapours        Pois/Air       100%         0%          2
 Slow                     Hex            97%          0%          2
 Swiftness                Air            97%          0%          2
 Call Canine Familiar     Summ           97%          1%          3
 Confusing Touch          Hex            97%          1%          3
 Conjure Flame            Conj/Fire      100%         1%          3
 Dazzling Flash           Conj/Hex       100%         1%          3
 Gell's Gravitas          Tloc           48%          1%          3
 Inner Flame              Hex/Fire       97%          1%          3
 Lesser Beckoning         Tloc           48%          1%          3
 Mephitic Cloud           Conj/Pois/Air  99%          1%          3
 Spider Form              Tmut/Pois      48%          1%          3
 Static Discharge         Conj/Air       100%         1%          3
 Summon Guardian Golem    Hex/Summ       97%          1%          3
 Tukima's Dance           Hex            97%          1%          3
 Vampiric Draining        Necr           48%          1%          3
 Animate Dead             Necr           48%          1%          4
 Cause Fear               Hex            48%          1%          4
 Ice Form                 Ice/Tmut       97%          1%          4
 Petrify                  Tmut/Erth      97%          1%          4
 Sticky Flame             Conj/Fire      100%         1%          4
 Summon Ice Beast         Ice/Summ       97%          1%          4
 Agony                    Necr           97%          1%          5
 Alistair's Intoxication  Tmut/Pois      64%          1%          5
 Irradiate                Conj/Tmut      50%          1%          5
 Metabolic Englaciation   Hex/Ice        48%          1%          5
 Yara's Violent Unravell  Hex/Tmut       48%          1%          5
 Freezing Cloud           Conj/Ice/Air   49%          1%          6
 Starburst                Conj/Fire      50%          1%          6
 Statue Form              Tmut/Erth      64%          1%          6
 Ignition                 Fire           48%          28%         8
 Shatter                  Erth           48%          98%         9
 Tornado                  Air            48%          98%         9

Inventory:

Hand Weapons
 a - the +5 hand axe of Foolhardiness (weapon) {vorpal, rPois rF+ rC- Int+5}
   (You bought it in a shop on level 15 of the Dungeon)

   It inflicts extra damage upon your enemies.
   It affects your intelligence (+5).
   It protects you from fire.
   It makes you vulnerable to cold.
   It protects you from poison.
 F - a +2 hand crossbow of freezing
   (You found it on level 3 of the Snake Pit)
Missiles
 i - 205 bolts
 l - 13 atropa-tipped darts (quivered)
 p - 24 sling bullets
 t - 2 javelins
 z - 2 boomerangs
 U - 8 curare-tipped darts {=f}
Armour
 j - the +3 pair of gloves "Defege" (worn) {rCorr Str+3 Int+4}
   (You found it in an ice cave)

   It affects your strength (+3).
   It affects your intelligence (+4).
   It provides partial protection from all sources of acid and corrosion.
 q - a scarf of repulsion (worn)
   (You found it on level 4 of the Swamp)
 y - the +1 ring mail of Zetihui (worn) {-Tele rElec rC+++ Str-2}
   (You bought it in a shop on level 1 of the Snake Pit)

   It affects your strength (-2).
   It renders you almost immune to cold.
   It insulates you from electricity.
   It prevents most forms of teleportation.
 I - a +0 helmet (worn)
   (You found it on level 12 of the Dungeon)
 O - a +2 robe of resistance
   (You bought it in a shop on level 3 of the Snake Pit)
 R - a +0 kite shield of fire resistance (worn)
   (You took it off a tengu warrior on level 15 of the Dungeon)
Jewellery
 f - an uncursed ring of protection from fire
   (You took it off a spriggan on level 4 of the Swamp)
 g - an amulet of regeneration (around neck)
   (You found it on level 5 of the Lair of Beasts)
 k - the ring of Fegiq (right hand) {Wiz Int+3 Stlth+}
   (You acquired it on level 5 of the Lair of Beasts)

   [ring of wizardry]

   It improves your spell success rate.
   It affects your intelligence (+3).
   It makes you more stealthy.
 v - an uncursed ring of see invisible
   (You found it on level 1 of the Dungeon)
 J - the ring of Daffodils (left hand) {rN++ Str+6 Int-5 Dex+4 Stlth-}
   (You found it on level 4 of the Swamp)

   [ring of strength]

   It affects your strength (+6).
   It affects your intelligence (-5).
   It affects your dexterity (+4).
   It greatly protects you from negative energy.
   It makes you less stealthy.
Wands
 w - a wand of iceblast (4)
   (You found it on level 4 of the Dungeon)
 x - a wand of acid (42)
   (You found it on level 4 of the Dungeon)
 C - a wand of digging (8)
   (You found it on level 5 of the Lair of Beasts)
 H - a wand of paralysis (18)
   (You found it on level 7 of the Dungeon)
Scrolls
 h - 6 scrolls of immolation {!r!r}
 o - 4 scrolls of magic mapping {!r}
 r - 5 scrolls of fear
 u - 2 scrolls of noise {!r}
 A - 13 scrolls of teleportation {@r4}
 D - a scroll of identify {@r1}
 G - 3 scrolls of remove curse {@r2}
 S - 6 scrolls of blinking {!r}
 W - 2 scrolls of fog
Potions
 d - 7 potions of curing {@q1}
 m - 6 potions of attraction {!q}
 n - 2 potions of magic
 s - 3 potions of lignification {!q}
 B - a potion of cancellation
 E - 6 potions of brilliance
 K - 4 potions of ambrosia
 L - 2 potions of resistance
 M - 2 potions of flight
 N - a potion of mutation {!q}
Books
 c - a manual of Armour {!d}
   (You found it on level 13 of the Dungeon)
 V - a manual of Polearms {!d}
   (You found it on level 6 of the Lair of Beasts)
Miscellaneous
 b - a phial of floods
   (You found it on level 1 of the Snake Pit)
 e - a lightning rod (4/4)
   (You found it on level 3 of the Lair of Beasts)
 T - a box of beasts
   (You found it in a bailey)

Dungeon Overview and Level Annotations

Branches:
Dungeon (15/15)            Temple (0/1) D:5            Lair (6/6) D:8
  Swamp (4/4) Lair:2        Snake (4/4) Lair:2        Slime (0/5) Lair:5
    Orc (2/2) D:11            Elf (0/3) Orc:2        Vaults (0/5) D:13
 Depths (0/5) D:15         Bailey (visited)           IceCv (visited)

Altars:
Cheibriados
Dithmenos
Elyvilon
Gozag
Kikubaaqudgha
Makhleb
Ru
Sif Muna
Trog
Xom
The Shining One

Shops:
D:13 *   D:15 (   Orc:2 (}}[   Snake:1 [   Snake:2 }}= Snake:3

[
.........###........
#######....##....(...
#...#.#....÷#........
....##....÷..####...
....#....).## ##..
##..##.[#.))# ##.
...#..^##### ##
#'#.....##
.##'#@...N...#
#............#
##.......).†.#
#.######.(.)# ##
#)#)(# #†#.(# #†#.N#∆
#)#... #.#....


You could see a nagaraja (fast).


Message History

The poison arrow misses you.
You hear a shout! 😨 HP[-11]
You take 11 damage, and now have 68/148 hp.
Unknown command.
Unknown command.
Casting: Fireball (safe; 1% risk of failure)
Confirm with . or Enter, or press ? or * to list all spells.
You erupt in a blast of force!
The mystic blast hits the nagaraja!!
The nagaraja is knocked back by the mystic blast.
The nagaraja enters a dispersal trap!
The black mamba blinks!
The nagaraja blinks! x2; The mystic blast hits the black mamba!!
The black mamba is knocked back by the mystic blast.
The black mamba slams into the rock wall!
You kill the black mamba!
Cheibriados thoroughly appreciates the change of pace.
The mystic blast hits the nagaraja!!
The nagaraja is knocked back by the mystic blast.
The nagaraja slams into the rock wall!
You hear an angry hiss.
You hear a shout!
You hear an angry hiss. 😨 MP[-4]
You lost 4 mp, and now have 6/36 mp.
The nagaraja gestures at you while chanting.
You feel a strange sense of stasis. The nagaraja hits you with a +0 flail!
* * * LOW HITPOINT WARNING * * *
The nagaraja misses you. The nagaraja spits poison at you.
The splash of poison is repelled.
The nagaraja spits poison at you.
The splash of poison is repelled.
The nagaraja gestures at you while chanting.
The bolt of poison misses you. 😨 HP[-5]
You take 5 damage, and now have 63/148 hp.
You hit the nagaraja.
You bite the nagaraja, but do no damage.
The nagaraja misses you.
You block the nagaraja's attack. 😨 MP[+1]
You hit the nagaraja.
You bite the nagaraja, but do no damage.
The nagaraja completely misses you.
You block the nagaraja's attack. 😨 HP[+1]
You hit the nagaraja but do no damage. You block the nagaraja's attack.
The nagaraja completely misses you.
You hit the nagaraja.
You bite the nagaraja, but do no damage.
The nagaraja hits you with a +0 flail!
* * * LOW HITPOINT WARNING * * *
The nagaraja barely misses you. 😨 HP[-13]
You take 13 damage, and now have 51/148 hp.
You barely miss the nagaraja.
The nagaraja points at you and mumbles some strange words.
The lance of force misses you.
Casting: Iskenderun's Mystic Blast (safe; 1% risk of failure)
Confirm with . or Enter, or press ? or * to list all spells.
You erupt in a blast of force!
The mystic blast hits the nagaraja.
The nagaraja is knocked back by the mystic blast.
The nagaraja slams into the rock wall!
The mystic blast hits the nagaraja!!
The nagaraja is knocked back by the mystic blast. 😨 HP[+1] MP[-3]
You lost 3 mp, and now have 4/36 mp.
The nagaraja spits poison at you.
The splash of poison hits you but does no damage.
You resist. The nagaraja spits poison at you.
The splash of poison is repelled.
The nagaraja points at you and mumbles some strange words.
The poison arrow misses you. 😨 HP[+2]
You regained 2 hp, and now have 54/148 hp.
The nagaraja gestures wildly while chanting.
The nagaraja seems to speed up.
You block the nagaraja's attack. x2
The nagaraja casts a spell at you. The bolt of poison hits you. You resist.
* * * LOW HITPOINT WARNING * * *
😨 HP[-5] MP[+1]
You take 5 damage, and now have 49/148 hp.
You hit the nagaraja. You bite the nagaraja.
The nagaraja hits you with a +0 flail!
* * * LOW HITPOINT WARNING * * *
The nagaraja misses you.
A naga comes into view.
It is wielding a +0 long sword. 😨 HP[-6]
You take 6 damage, and now have 43/148 hp.
You slice the nagaraja!!
You kill the nagaraja!
Cheibriados thoroughly appreciates the change of pace.
Unknown command.
You closely miss the nagaraja. 😨 HP[+1]
You hit the nagaraja but do no damage.
The nagaraja points at you and mumbles some strange words.
The lance of force hits you!!
* * * LOW HITPOINT WARNING * * *
You are knocked back by the lance of force.
You slam into the rock wall!
You die...

Skill      XL: |  1  2  3  4  5  6  7  8  9 10 11 12 13 14 15 16 17 18 |
---------------+-------------------------------------------------------+-----
Spellcasting   | 5 6 7 8 9 10 11 12 13 | 13.5
Invocations    | 1 2 3 4 5 6 7 8 9 10 11 12 13 | 13.7
Fighting       | 1 2 3 4 5 6 7 8 9 10 11 12 | 12.7
Short Blades   | 1 2 3 4 5 6 7 8 9 10 11 12 | 12.7
Long Blades    | 1 2 3 4 5 6 7 8 9 10 11 12 | 12.7
Axes           | 1 2 3 4 5 6 7 8 9 10 11 12 | 12.7
Maces & Flails | 1 2 3 4 5 6 7 8 9 10 11 12 | 12.7
Polearms       | 1 2 3 4 5 6 7 8 9 11 12 13 14 | 14.8
Staves         | 1 2 3 4 5 6 7 8 9 10 11 12 | 12.7
Slings         | 1 2 3 4 5 6 7 8 9 10 11 12 | 12.7
Bows           | 1 2 3 4 5 6 7 8 9 10 11 12 | 12.7
Crossbows      | 1 2 3 4 5 6 7 8 9 10 11 12 | 12.7
Throwing       | 1 2 3 4 5 6 7 8 9 10 11 12 | 12.7
Armour         | 1 2 3 4 5 6 7 8 9 10 12 13 14 | 14.6
Shields        | 1 2 3 4 5 6 7 8 9 10 11 12 | 12.7
Unarmed Combat | 1 2 3 4 5 6 7 8 9 10 11 12 | 12.7
Evocations     | 1 2 3 4 5 6 7 8 9 10 11 12 | 12.7
Hexes          | 1 2 3 4 5 6 7 8 9 10 | 10.9
Summonings     | 1 2 3 4 5 6 7 8 9 10 | 10.9
Necromancy     | 1 2 3 4 5 6 7 8 9 10 | 10.9
Translocations | 1 2 3 4 5 6 7 8 9 10 | 10.9
Transmutations | 1 2 3 4 5 6 7 8 9 10 | 10.9
Fire Magic     | 1 2 3 4 5 6 7 8 9 10 | 10.9
Ice Magic      | 1 2 3 4 5 6 7 8 9 10 | 10.9
Air Magic      | 1 2 3 4 5 6 7 8 9 10 | 10.9
Earth Magic    | 1 2 3 4 5 6 7 8 9 10 | 10.9
Poison Magic   | 1 2 3 4 5 6 7 8 9 10 | 10.9
Dodging        | 5 6 7 8 9 10 11 12 13 | 13.4
Stealth        | 5 6 7 8 9 10 11 12 13 | 13.3
Conjurations   | 8 9 10 11 12 | 12.7

Action                   |  1- 3 |  4- 6 |  7- 9 | 10-12 | 13-15 | 16-18 | 19-21 || total
-------------------------+-------+-------+-------+-------+-------+-------+-------++-------
Melee: Dagger            |    10 |     1 |    15 |       |       |       |       ||    26
       Bite              |     2 |     1 |     3 |    49 |    43 |   110 |    21 ||   229
       Falchion          |       |       |       |   155 |   172 |       |       ||   327
       Hand axe          |       |       |       |       |       |   401 |   101 ||   502
       Punch             |       |       |       |       |       |     1 |       ||     1
 Fire: Arbalest          |       |       |       |       |   220 |   116 |       ||   336
Throw: Dart              |       |       |       |    85 |   364 |   425 |    21 ||   895
       Boomerang         |       |       |       |       |    40 |       |       ||    40
 Cast: Magic Dart        |    65 |   120 |   183 |   405 |       |    29 |       ||   802
       Searing Ray       |     1 |     3 |    38 |   119 |   122 |   108 |       ||   391
       Iskenderun's Myst |       |       |       |    12 |    43 |    91 |    14 ||   160
       Lightning Bolt    |       |       |       |     8 |    11 |    22 |     6 ||    47
       Fulminant Prism   |       |       |       |     2 |    31 |    15 |       ||    48
       Airstrike         |       |       |       |       |       |    57 |       ||    57
       Ignite Poison     |       |       |       |       |       |    69 |       ||    69
       Fireball          |       |       |       |       |       |    58 |     6 ||    64
       Invisibility      |       |       |       |       |       |     2 |       ||     2
Invok: Slouch            |       |       |       |       |     6 |     5 |       ||    11
Evoke: Wand              |       |       |       |     1 |     8 |    35 |     1 ||    45
       Lightning rod     |       |       |       |       |     1 |       |       ||     1
  Use: Scroll            |       |       |     9 |    13 |     9 |    10 |       ||    41
       Potion            |       |       |       |       |     4 |       |       ||     4
 Stab: Paralysed         |       |       |       |     9 |       |       |       ||     9
       Distracted        |       |       |       |     1 |       |     1 |       ||     2
       Sleeping          |       |       |       |     1 |     4 |       |       ||     5
       Invisible         |       |       |       |       |       |     6 |     9 ||    15
Armor: Robe              |     2 |     4 |     4 |    27 |       |       |       ||    37
       Leather armour    |       |       |       |    16 |    84 |    39 |       ||   139
       Ring mail         |       |       |       |       |       |    81 |     8 ||    89
Dodge: Dodged            |    13 |     5 |    20 |   234 |   470 |   616 |   128 ||  1486
       Repelled          |       |       |       |       |       |    20 |    16 ||    36
Block: Buckler           |     3 |     3 |    14 |   114 |   151 |       |       ||   285
       Kite shield       |       |       |       |       |       |   557 |   131 ||   688
       Rpst.: Falchion   |       |       |     2 |    52 |    74 |       |       ||   128

Levels and vault maps discovered:
D:1:      nzn_arrival_depleted_hourglass, layout_basic
D:2:      layout_basic, old_standard_altar, general_overflow_altar,
          grunt_temple_overflow_open, minmay_snake_closets
D:3:      layout_basic, nicolae_gozag_seed_capital
D:4:      layout_rooms, chequers_decorated_corner, minivault_23,
          trog_eyes_of_draining
D:5:      layout_loops_corners, minmay_temple_entry_statues
D:6:      layout_loops_ring, uniq_eustachio
D:7:      layout_loops_corners
D:8:      layout_rooms, lair_entry_dummy, gammafunk_ghost_nasty_kobolds
D:9:      wad_pebble_path, layout_loops_ring, lemuel_doored_altar,
          serial_bayou_pond_a, hangedman_misty_isle
D:10:     layout_grid_maze, basic_altar, uniq_urug
D:11:     layout_roguey, hiddenorc2_lemuel, special_room [special_room_kobold],
          enter_bailey_5, uniq_grum
D:12:     layout_long_grid, mrwooster_statue_mirror
D:13:     layout_cave_pools, david_vaults_1, serial_bayou,
          serial_bayou_crossing, serial_bayou_ford_a, serial_bayou_pond_a,
          serial_bayou_shore_b, serial_bayou_lake_a, serial_bayou_pond_b,
          nicolae_island_escapes, uniq_snorg
D:14:     layout_irregular_city, minivault_26
D:15:     hangedman_depths_entry_try_elsewhere_first, layout_basic,
          serial_shops, shop, grunt_dithmenos_smoke_and_mirrors,
          serial_bayou_pond_b
Lair:1:   layout_regular_city
Lair:2:   layout_roguey, skrybe_swamp_entry_bodies, guppyfry_snake_entry_island,
          serial_rivers, chequers_serial_rivers_room_a,
          chequers_serial_rivers_room_a, chequers_serial_rivers_marsh,
          chequers_serial_rivers_large_a, chequers_serial_rivers_room_a,
          chequers_serial_rivers_small_b, uniq_prince_ribbit2, uniq_maggie
Lair:3:   layout_hall_layers, portal_ice_cave_entry_imps, serial_bayou_shore_b,
          lemuel_fruit_fields
Lair:4:   layout_hall_layers, basic_altar, uniq_nessos
Lair:5:   layout_roguey, nicolae_slime_entry_slimehenge,
          minmay_lair_oklob_chamber, grunt_megastairs_3, serial_bayou_shore_b,
          lemuel_fruit_tree, infiniplex_staircase_pool
Lair:6:   hangedman_lair_caniforms_friends, layout_cave_pods,
          hangedman_lair_in_review, ebering_ghost_xom, minmay_stone_trees_medium
Swamp:1:  layout_basic_swamp, hangedman_swamp_blocks, swamp_pool3,
          st_swamp_mini, infiniplex_staircase_pool_2, uniq_nikola
Swamp:2:  layout_basic_swamp, evilmike_swamp_ruin_rubble_2, swamp_pool3
Swamp:3:  layout_basic_swamp, serial_swamp_ruin, evilmike_swamp_ruin_rubble_1,
          evilmike_swamp_ruin_house_3, swamp_pool1
Swamp:4:  swamp_fiery, layout_basic_swamp
Snake:1:  layout_rooms, serial_shops, nicolae_shop_statue_plus,
          grunt_megastairs_2, uniq_azrael, uniq_roxanne
Snake:2:  layout_misc_corridors, evilmike_ambush [evilmike_ambush_outer_doors,
          evilmike_ambush_inner_pond], minmay_shop_grove, serial_bayou_shore_b
Snake:3:  layout_chambers, serial_shops, shop
Snake:4:  grunt_snake_rune_serpentine_throne, layout_cave_town, serial_shops,
          shop, uniq_agnes
Orc:1:    layout_caves
Orc:2:    st_orc_ogre_mass, layout_caves

Notes
Turn   | Place    | Note
-------+----------+-------------------------------------------
     0 | D:1      | phalm the Gnoll Conjurer began the quest for the Orb.
     0 | D:1      | Reached XP level 1. HP: 13/13 MP: 6/6
     0 | D:1      | magus.rc [v1.9.10]
   175 | D:1      | Reached XP level 2. HP: 19/19 MP: 4/7
   178 | D:1      | Learned a level 2 spell: Searing Ray
   521 | D:1      | Reached XP level 3. HP: 25/25 MP: 7/9
   552 | D:1      | Reached skill level 5 in Spellcasting
  1003 | D:1      | Reached skill level 1 in Invocations
  1418 | D:2      | Found a glowing golden altar of the Shining One.
  1418 | D:2      | Found a white marble altar of Elyvilon.
  1418 | D:2      | Found a snail-covered altar of Cheibriados.
  1426 | D:2      | Became a worshipper of Cheibriados the Contemplative
  1436 | D:2      | Reached skill level 1 in Fighting
  1436 | D:2      | Reached skill level 1 in Short Blades
  1436 | D:2      | Reached skill level 1 in Long Blades
  1436 | D:2      | Reached skill level 1 in Axes
  1436 | D:2      | Reached skill level 1 in Maces & Flails
  1436 | D:2      | Reached skill level 1 in Polearms
  1436 | D:2      | Reached skill level 1 in Staves
  1436 | D:2      | Reached skill level 1 in Slings
  1436 | D:2      | Reached skill level 1 in Bows
  1436 | D:2      | Reached skill level 1 in Crossbows
  1436 | D:2      | Reached skill level 1 in Throwing
  1436 | D:2      | Reached skill level 1 in Armour
  1436 | D:2      | Reached skill level 1 in Shields
  1436 | D:2      | Reached skill level 1 in Unarmed Combat
  1436 | D:2      | Reached skill level 1 in Evocations
  1518 | D:2      | Found a bloodstained altar of Trog.
  1604 | D:2      | Reached XP level 4. HP: 32/32 MP: 7/11
  1615 | D:2      | Learned a level 4 spell: Fulminant Prism
  1620 | D:2      | Learned a level 4 spell: Iskenderun's Mystic Blast
  1854 | D:2      | Reached skill level 1 in Hexes
  1854 | D:2      | Reached skill level 1 in Summonings
  1854 | D:2      | Reached skill level 1 in Necromancy
  1854 | D:2      | Reached skill level 1 in Translocations
  1854 | D:2      | Reached skill level 1 in Transmutations
  1854 | D:2      | Reached skill level 1 in Fire Magic
  1854 | D:2      | Reached skill level 1 in Ice Magic
  1854 | D:2      | Reached skill level 1 in Air Magic
  1854 | D:2      | Reached skill level 1 in Earth Magic
  1854 | D:2      | Reached skill level 1 in Poison Magic
  2023 | D:2      | Noticed a bullfrog
  2027 | D:2      | Killed a bullfrog
  2028 | D:2      | Reached XP level 5. HP: 27/37 MP: 6/12
  2215 | D:2      | Found a burning altar of Makhleb.
  2357 | D:2      | Reached * piety under Cheibriados
  2893 | D:2      | Reached skill level 2 in Invocations
  2893 | D:2      | Reached XP level 6. HP: 44/44 MP: 10/13
  3418 | D:3      | Reached skill level 5 in Dodging
  3425 | D:3      | Reached ** piety under Cheibriados
  3426 | D:3      | Reached skill level 2 in Fighting
  3426 | D:3      | Reached skill level 2 in Short Blades
  3426 | D:3      | Reached skill level 2 in Long Blades
  3426 | D:3      | Reached skill level 2 in Axes
  3426 | D:3      | Reached skill level 2 in Maces & Flails
  3426 | D:3      | Reached skill level 2 in Polearms
  3426 | D:3      | Reached skill level 2 in Staves
  3426 | D:3      | Reached skill level 2 in Slings
  3426 | D:3      | Reached skill level 2 in Bows
  3426 | D:3      | Reached skill level 2 in Crossbows
  3426 | D:3      | Reached skill level 2 in Throwing
  3426 | D:3      | Reached skill level 2 in Armour
  3426 | D:3      | Reached skill level 2 in Shields
  3426 | D:3      | Reached skill level 2 in Unarmed Combat
  3426 | D:3      | Reached skill level 2 in Evocations
  3647 | D:3      | Found an opulent altar of Gozag.
  4198 | D:4      | Reached XP level 7. HP: 50/50 MP: 8/15
  4427 | D:4      | Reached skill level 2 in Hexes
  4427 | D:4      | Reached skill level 2 in Summonings
  4427 | D:4      | Reached skill level 2 in Necromancy
  4427 | D:4      | Reached skill level 2 in Translocations
  4427 | D:4      | Reached skill level 2 in Transmutations
  4427 | D:4      | Reached skill level 2 in Fire Magic
  4427 | D:4      | Reached skill level 2 in Ice Magic
  4427 | D:4      | Reached skill level 2 in Air Magic
  4427 | D:4      | Reached skill level 2 in Earth Magic
  4427 | D:4      | Reached skill level 2 in Poison Magic
  4659 | D:4      | Reached *** piety under Cheibriados
  4915 | D:4      | Reached skill level 5 in Stealth
  5040 | D:4      | Found a bloodstained altar of Trog.
  5052 | D:4      | Reached skill level 3 in Invocations
  5059 | D:4      | Reached XP level 8. HP: 57/57 MP: 0/16
  5308 | D:5      | Entered Level 5 of the Dungeon
  5484 | D:5      | Reached skill level 3 in Fighting
  5484 | D:5      | Reached skill level 3 in Short Blades
  5484 | D:5      | Reached skill level 3 in Long Blades
  5484 | D:5      | Reached skill level 3 in Axes
  5484 | D:5      | Reached skill level 3 in Maces & Flails
  5484 | D:5      | Reached skill level 3 in Polearms
  5484 | D:5      | Reached skill level 3 in Staves
  5484 | D:5      | Reached skill level 3 in Slings
  5484 | D:5      | Reached skill level 3 in Bows
  5484 | D:5      | Reached skill level 3 in Crossbows
  5484 | D:5      | Reached skill level 3 in Throwing
  5484 | D:5      | Reached skill level 3 in Armour
  5484 | D:5      | Reached skill level 3 in Shields
  5484 | D:5      | Reached skill level 3 in Unarmed Combat
  5484 | D:5      | Reached skill level 3 in Evocations
  5526 | D:5      | Found a staircase to the Ecumenical Temple.
  5717 | D:5      | Reached skill level 6 in Spellcasting
  6551 | D:5      | Reached skill level 4 in Invocations
  6895 | D:6      | Reached **** piety under Cheibriados
  6896 | D:6      | Reached skill level 3 in Hexes
  6896 | D:6      | Reached skill level 3 in Summonings
  6896 | D:6      | Reached skill level 3 in Necromancy
  6896 | D:6      | Reached skill level 3 in Translocations
  6896 | D:6      | Reached skill level 3 in Transmutations
  6896 | D:6      | Reached skill level 3 in Fire Magic
  6896 | D:6      | Reached skill level 3 in Ice Magic
  6896 | D:6      | Reached skill level 3 in Air Magic
  6896 | D:6      | Reached skill level 3 in Earth Magic
  6896 | D:6      | Reached skill level 3 in Poison Magic
  7150 | D:6      | Reached skill level 6 in Dodging
  7151 | D:6      | Reached XP level 9. HP: 65/65 MP: 13/18
  7500 | D:6      | Reached skill level 4 in Fighting
  7500 | D:6      | Reached skill level 4 in Short Blades
  7500 | D:6      | Reached skill level 4 in Long Blades
  7500 | D:6      | Reached skill level 4 in Axes
  7500 | D:6      | Reached skill level 4 in Maces & Flails
  7500 | D:6      | Reached skill level 4 in Polearms
  7500 | D:6      | Reached skill level 4 in Staves
  7500 | D:6      | Reached skill level 4 in Slings
  7500 | D:6      | Reached skill level 4 in Bows
  7500 | D:6      | Reached skill level 4 in Crossbows
  7500 | D:6      | Reached skill level 4 in Throwing
  7500 | D:6      | Reached skill level 4 in Armour
  7500 | D:6      | Reached skill level 4 in Shields
  7500 | D:6      | Reached skill level 4 in Unarmed Combat
  7500 | D:6      | Reached skill level 4 in Evocations
  7582 | D:6      | Noticed Eustachio
  7588 | D:6      | Killed Eustachio
  7822 | D:6      | Search for what [Enter for "cloak", or ? for help]? rare
  7850 | D:7      | Reached skill level 6 in Stealth
  7850 | D:7      | Reached skill level 8 in Conjurations
  8210 | D:7      | Noticed a green ugly thing
  8220 | D:7      | Killed a green ugly thing
  8221 | D:7      | Reached skill level 5 in Invocations
  8456 | D:7      | Reached skill level 7 in Spellcasting
  8619 | D:7      | Reached XP level 10. HP: 73/73 MP: 12/20
  8675 | D:7      | Reached skill level 4 in Hexes
  8675 | D:7      | Reached skill level 4 in Summonings
  8675 | D:7      | Reached skill level 4 in Necromancy
  8675 | D:7      | Reached skill level 4 in Translocations
  8675 | D:7      | Reached skill level 4 in Transmutations
  8675 | D:7      | Reached skill level 4 in Fire Magic
  8675 | D:7      | Reached skill level 4 in Ice Magic
  8675 | D:7      | Reached skill level 4 in Air Magic
  8675 | D:7      | Reached skill level 4 in Earth Magic
  8675 | D:7      | Reached skill level 4 in Poison Magic
  8877 | D:7      | Reached ***** piety under Cheibriados
  9200 | D:8      | Reached skill level 5 in Fighting
  9200 | D:8      | Reached skill level 5 in Short Blades
  9200 | D:8      | Reached skill level 5 in Long Blades
  9200 | D:8      | Reached skill level 5 in Axes
  9200 | D:8      | Reached skill level 5 in Maces & Flails
  9200 | D:8      | Reached skill level 5 in Polearms
  9200 | D:8      | Reached skill level 5 in Staves
  9200 | D:8      | Reached skill level 5 in Slings
  9200 | D:8      | Reached skill level 5 in Bows
  9200 | D:8      | Reached skill level 5 in Crossbows
  9200 | D:8      | Reached skill level 5 in Throwing
  9200 | D:8      | Reached skill level 5 in Armour
  9200 | D:8      | Reached skill level 5 in Shields
  9200 | D:8      | Reached skill level 5 in Unarmed Combat
  9200 | D:8      | Reached skill level 5 in Evocations
  9649 | D:8      | Reached skill level 7 in Dodging
 10621 | D:8      | Found a runed translucent gate.
 10622 | D:8      | Found a runed translucent gate.
 10623 | D:8      | Found a runed translucent gate.
 10626 | D:8      | Noticed hawla's ghost (novice DECj)
 10822 | D:8      | Found a staircase to the Lair.
 10936 | Lair:1   | Entered Level 1 of the Lair of Beasts
 10985 | Lair:1   | Reached skill level 6 in Invocations
 11047 | Lair:1   | Reached skill level 7 in Stealth
 11330 | Lair:1   | Noticed a black mamba
 11337 | Lair:1   | Killed a black mamba
 11452 | Lair:1   | Noticed a six-headed hydra
 11457 | Lair:1   | Killed a six-headed hydra
 11497 | Lair:1   | Noticed a cane toad
 11503 | Lair:1   | Killed a cane toad
 11504 | Lair:1   | Reached XP level 11. HP: 81/81 MP: 15/22
 12030 | Lair:2   | Got a heavily runed granite ring
 12032 | Lair:2   | Identified the ring of Cekkij {rPois rC+ MP-9 Int+2} (You
                  | found it on level 2 of the Lair of Beasts)
 12097 | Lair:2   | Reached skill level 6 in Fighting
 12097 | Lair:2   | Reached skill level 6 in Short Blades
 12097 | Lair:2   | Reached skill level 6 in Long Blades
 12097 | Lair:2   | Reached skill level 6 in Axes
 12097 | Lair:2   | Reached skill level 6 in Maces & Flails
 12097 | Lair:2   | Reached skill level 6 in Polearms
 12097 | Lair:2   | Reached skill level 6 in Staves
 12097 | Lair:2   | Reached skill level 6 in Slings
 12097 | Lair:2   | Reached skill level 6 in Bows
 12097 | Lair:2   | Reached skill level 6 in Crossbows
 12097 | Lair:2   | Reached skill level 6 in Throwing
 12097 | Lair:2   | Reached skill level 6 in Armour
 12097 | Lair:2   | Reached skill level 6 in Shields
 12097 | Lair:2   | Reached skill level 6 in Unarmed Combat
 12097 | Lair:2   | Reached skill level 6 in Evocations
 12197 | Lair:2   | Noticed a bog body
 12338 | D:9      | Reached skill level 5 in Hexes
 12338 | D:9      | Reached skill level 5 in Summonings
 12338 | D:9      | Reached skill level 5 in Necromancy
 12338 | D:9      | Reached skill level 5 in Translocations
 12338 | D:9      | Reached skill level 5 in Transmutations
 12338 | D:9      | Reached skill level 5 in Fire Magic
 12338 | D:9      | Reached skill level 5 in Ice Magic
 12338 | D:9      | Reached skill level 5 in Air Magic
 12338 | D:9      | Reached skill level 5 in Earth Magic
 12338 | D:9      | Reached skill level 5 in Poison Magic
 12445 | D:9      | Found a shimmering blue altar of Sif Muna.
 12727 | D:9      | Reached skill level 8 in Spellcasting
 13055 | D:9      | You pick up a book of the Tempests and begin reading...
 13055 | D:9      | You add the spells Static Discharge, Lightning Bolt,
                  | Ignition, Tornado and Shatter to your library.
 13062 | D:9      | Learned a level 5 spell: Lightning Bolt
 13769 | D:10     | Entered Level 10 of the Dungeon
 13809 | D:10     | Search for what [Enter for "rare", or ? for help]?
 13809 | D:10     | Search for what [Enter for "rare", or ? for help]?
 13809 | D:10     | Search for what [Enter for "rare", or ? for help]? kite
 13918 | D:10     | Noticed an unseen horror
 13929 | D:10     | Killed an unseen horror
 14100 | D:10     | Reached skill level 9 in Conjurations
 14100 | D:10     | Reached skill level 7 in Invocations
 14221 | D:10     | Paralysed by an orc priest for 5 turns
 14227 | D:10     | Reached ****** piety under Cheibriados
 14425 | D:10     | Noticed Urug
 14444 | D:10     | Killed Urug
 14445 | D:10     | Reached skill level 8 in Dodging
 14446 | D:10     | a +5 eveningstar of protection {rare}; a +0 scale mail; the
                  | orc corpse of Urug
 14447 | D:10     | z - a +5 eveningstar of protection {rare}
 14632 | D:10     | Noticed a two-headed ogre
 14641 | D:10     | Killed a two-headed ogre
 14918 | D:10     | Found an ancient bone altar of Kikubaaqudgha.
 15144 | D:10     | Reached skill level 8 in Stealth
 15595 | D:11     | Noticed Grum
 15611 | D:11     | Killed Grum
 15628 | D:11     | Found a flagged portal.
 15703 | Bailey   | Entered a bailey
 15889 | Bailey   | Reached XP level 12. HP: 88/89 MP: 18/24
 16018 | Bailey   | Identified the cursed +0 chain mail "Feubbedd" {Int+3}
 16205 | Bailey   | R - +1 shadow dragon scales {rare}
 16219 | Bailey   | You finish putting on your +1 shadow dragon scales {rare}.
 16224 | Bailey   | You finish taking off your +1 shadow dragon scales {rare}.
 16853 | D:11     | Noticed a five-headed hydra
 16861 | D:11     | Killed a five-headed hydra
 16862 | D:11     | Reached skill level 7 in Fighting
 16862 | D:11     | Reached skill level 7 in Short Blades
 16862 | D:11     | Reached skill level 7 in Long Blades
 16862 | D:11     | Reached skill level 7 in Axes
 16862 | D:11     | Reached skill level 7 in Maces & Flails
 16862 | D:11     | Reached skill level 7 in Polearms
 16862 | D:11     | Reached skill level 7 in Staves
 16862 | D:11     | Reached skill level 7 in Slings
 16862 | D:11     | Reached skill level 7 in Bows
 16862 | D:11     | Reached skill level 7 in Crossbows
 16862 | D:11     | Reached skill level 7 in Throwing
 16862 | D:11     | Reached skill level 7 in Armour
 16862 | D:11     | Reached skill level 7 in Shields
 16862 | D:11     | Reached skill level 7 in Unarmed Combat
 16862 | D:11     | Reached skill level 7 in Evocations
 17245 | D:11     | Found a staircase to the Orcish Mines.
 17869 | D:11     | Reached skill level 6 in Hexes
 17869 | D:11     | Reached skill level 6 in Summonings
 17869 | D:11     | Reached skill level 6 in Necromancy
 17869 | D:11     | Reached skill level 6 in Translocations
 17869 | D:11     | Reached skill level 6 in Transmutations
 17869 | D:11     | Reached skill level 6 in Fire Magic
 17869 | D:11     | Reached skill level 6 in Ice Magic
 17869 | D:11     | Reached skill level 6 in Air Magic
 17869 | D:11     | Reached skill level 6 in Earth Magic
 17869 | D:11     | Reached skill level 6 in Poison Magic
 18034 | D:11     | Reached skill level 8 in Invocations
 18064 | D:11     | Reached skill level 9 in Spellcasting
 19160 | D:12     | Reached skill level 9 in Dodging
 19301 | D:12     | You pick up a book of Party Tricks and begin reading...
 19301 | D:12     | You add the spells Apportation, Lesser Beckoning, Tukima's
                  | Dance, Alistair's Intoxication and Invisibility to your
                  | library.
 19993 | D:8      | Killed hawla's ghost
 20146 | Lair:2   | You drop a +5 eveningstar of protection {rare}.
 20147 | Lair:2   | You drop +1 shadow dragon scales {rare}.
 20215 | Lair:2   | Noticed a four-headed hydra
 20226 | Lair:2   | Killed a five-headed hydra
 20227 | Lair:2   | Reached skill level 9 in Stealth
 20227 | Lair:2   | Reached XP level 13. HP: 83/98 MP: 14/26
 20328 | Lair:2   | Noticed Prince Ribbit
 20334 | Lair:2   | Killed Prince Ribbit
 20410 | Lair:2   | Reached skill level 8 in Fighting
 20410 | Lair:2   | Reached skill level 8 in Short Blades
 20410 | Lair:2   | Reached skill level 8 in Long Blades
 20410 | Lair:2   | Reached skill level 8 in Axes
 20410 | Lair:2   | Reached skill level 8 in Maces & Flails
 20410 | Lair:2   | Reached skill level 8 in Polearms
 20410 | Lair:2   | Reached skill level 8 in Staves
 20410 | Lair:2   | Reached skill level 8 in Slings
 20410 | Lair:2   | Reached skill level 8 in Bows
 20410 | Lair:2   | Reached skill level 8 in Crossbows
 20410 | Lair:2   | Reached skill level 8 in Throwing
 20410 | Lair:2   | Reached skill level 8 in Armour
 20410 | Lair:2   | Reached skill level 8 in Shields
 20410 | Lair:2   | Reached skill level 8 in Unarmed Combat
 20410 | Lair:2   | Reached skill level 8 in Evocations
 20480 | Lair:2   | Found a staircase to the Snake Pit.
 21030 | Lair:2   | Got a dazzling chain mail
 21041 | Lair:2   | Identified the +5 chain mail of Vehumet's Condemnation
                  | {rElec Will+} (You found it on level 2 of the Lair of
                  | Beasts)
 21168 | Lair:2   | Noticed Maggie
 21182 | Lair:2   | Killed Maggie
 21519 | Lair:2   | Found a staircase to the Swamp.
 21932 | Lair:3   | Reached skill level 9 in Invocations
 22105 | Lair:3   | Reached skill level 10 in Conjurations
 22133 | Lair:3   | Reached skill level 7 in Hexes
 22133 | Lair:3   | Reached skill level 7 in Summonings
 22133 | Lair:3   | Reached skill level 7 in Necromancy
 22133 | Lair:3   | Reached skill level 7 in Translocations
 22133 | Lair:3   | Reached skill level 7 in Transmutations
 22133 | Lair:3   | Reached skill level 7 in Fire Magic
 22133 | Lair:3   | Reached skill level 7 in Ice Magic
 22133 | Lair:3   | Reached skill level 7 in Air Magic
 22133 | Lair:3   | Reached skill level 7 in Earth Magic
 22133 | Lair:3   | Reached skill level 7 in Poison Magic
 22137 | Lair:3   | Found a frozen archway.
 22147 | Lair:3   | You pick up a book of Misfortune and begin reading...
 22147 | Lair:3   | You add the spells Confusing Touch, Gell's Gravitas,
                  | Petrify, Metabolic Englaciation and Yara's Violent
                  | Unravelling to your library.
 22236 | IceCv    | Entered an ice cave
 22313 | IceCv    | Killed a reaper
 22522 | IceCv    | Got a pair of spiked gloves
 22546 | IceCv    | Identified the +3 pair of gloves "Defege" {rCorr Str+3
                  | Int+4} (You found it in an ice cave)
 22839 | IceCv    | You pick up a book of Air and begin reading...
 22839 | IceCv    | You add the spells Shock, Swiftness and Airstrike to your
                  | library.
 24181 | Lair:4   | Noticed Nessos
 24188 | Lair:4   | Killed Nessos
 24203 | Lair:4   | Reached skill level 10 in Spellcasting
 25021 | Lair:4   | You pick up a book of Conjurations and begin reading...
 25044 | Lair:4   | Reached XP level 14. HP: 46/106 MP: 12/28
 25048 | Lair:4   | Reached skill level 10 in Dodging
 25052 | Lair:4   | Reached skill level 9 in Fighting
 25052 | Lair:4   | Reached skill level 9 in Short Blades
 25052 | Lair:4   | Reached skill level 9 in Long Blades
 25052 | Lair:4   | Reached skill level 9 in Axes
 25052 | Lair:4   | Reached skill level 9 in Maces & Flails
 25052 | Lair:4   | Reached skill level 9 in Polearms
 25052 | Lair:4   | Reached skill level 9 in Staves
 25052 | Lair:4   | Reached skill level 9 in Slings
 25052 | Lair:4   | Reached skill level 9 in Bows
 25052 | Lair:4   | Reached skill level 9 in Crossbows
 25052 | Lair:4   | Reached skill level 9 in Throwing
 25052 | Lair:4   | Reached skill level 9 in Armour
 25052 | Lair:4   | Reached skill level 9 in Shields
 25052 | Lair:4   | Reached skill level 9 in Unarmed Combat
 25052 | Lair:4   | Reached skill level 9 in Evocations
 25365 | Lair:4   | Found a sacrificial altar of Ru.
 25491 | Lair:4   | Learned a level 4 spell: Airstrike
 25700 | Lair:5   | Found a staircase to the Slime Pits.
 25867 | Lair:5   | Identified a scroll of acquirement
 25868 | Lair:5   | Acquired the ring of Fegiq {Wiz Int+3 Stlth+}
 26193 | Lair:5   | Reached skill level 10 in Stealth
 26839 | Lair:6   | Entered Level 6 of the Lair of Beasts
 26971 | Lair:6   | Reached skill level 10 in Invocations
 27257 | Lair:6   | Found a runed translucent door.
 27258 | Lair:6   | Found a shimmering altar of Xom.
 27258 | Lair:6   | Noticed Icepheonix32's ghost (journeyman TeAE)
 27665 | Lair:6   | You pick up a book of Maledictions and begin reading...
 27665 | Lair:6   | You add the spells Corona and Ensorcelled Hibernation to
                  | your library.
 28072 | Lair:6   | Reached skill level 8 in Hexes
 28072 | Lair:6   | Reached skill level 8 in Summonings
 28072 | Lair:6   | Reached skill level 8 in Necromancy
 28072 | Lair:6   | Reached skill level 8 in Translocations
 28072 | Lair:6   | Reached skill level 8 in Transmutations
 28072 | Lair:6   | Reached skill level 8 in Fire Magic
 28072 | Lair:6   | Reached skill level 8 in Ice Magic
 28072 | Lair:6   | Reached skill level 8 in Air Magic
 28072 | Lair:6   | Reached skill level 8 in Earth Magic
 28072 | Lair:6   | Reached skill level 8 in Poison Magic
 28229 | Lair:6   | Identified the Reference Book on Creative Hexes
 28230 | Lair:6   | You add the spells Summon Guardian Golem and Cause Fear to
                  | your library.
 28232 | Lair:6   | Got a scorched arbalest
 28512 | Lair:6   | Identified the +8 arbalest of Mouhusel {venom, rElec Str+3
                  | Int+2} (You found it on level 6 of the Lair of Beasts)
 28650 | Lair:6   | Reached XP level 15. HP: 115/115 MP: 29/29
 28748 | Lair:6   | You pick up a book of Necromancy and begin reading...
 28748 | Lair:6   | You add the spells Pain, Animate Skeleton, Vampiric
                  | Draining, Animate Dead and Agony to your library.
 29150 | Lair:6   | Killed Icepheonix32's ghost
 29151 | Lair:6   | Reached skill level 11 in Spellcasting
 29503 | Orc:1    | Entered Level 1 of the Orcish Mines
 30159 | Orc:2    | Entered Level 2 of the Orcish Mines
 30175 | Orc:2    | Reached skill level 10 in Polearms
 30371 | Orc:2    | Reached skill level 10 in Fighting
 30371 | Orc:2    | Reached skill level 10 in Short Blades
 30371 | Orc:2    | Reached skill level 10 in Long Blades
 30371 | Orc:2    | Reached skill level 10 in Axes
 30371 | Orc:2    | Reached skill level 10 in Maces & Flails
 30371 | Orc:2    | Reached skill level 10 in Staves
 30371 | Orc:2    | Reached skill level 10 in Slings
 30371 | Orc:2    | Reached skill level 10 in Bows
 30371 | Orc:2    | Reached skill level 10 in Crossbows
 30371 | Orc:2    | Reached skill level 10 in Throwing
 30371 | Orc:2    | Reached skill level 10 in Armour
 30371 | Orc:2    | Reached skill level 10 in Shields
 30371 | Orc:2    | Reached skill level 10 in Unarmed Combat
 30371 | Orc:2    | Reached skill level 10 in Evocations
 30375 | Orc:2    | Reached skill level 11 in Dodging
 30563 | Orc:2    | Reached skill level 11 in Conjurations
 30700 | Orc:2    | Reached skill level 11 in Invocations
 30973 | Orc:2    | Reached skill level 11 in Stealth
 31093 | Orc:2    | Found Joebigac's Gadget Shop.
 31093 | Orc:2    | Found Hutuugge's Antique Weapon Emporium.
 31095 | Orc:2    | Found Iritavi's Antique Armour Shoppe.
 31095 | Orc:2    | Found Waemoul's Gadget Shop.
 31231 | Orc:2    | Paralysed by an ogre mage for 5 turns
 31658 | Orc:2    | Found a staircase to the Elven Halls.
 32216 | D:13     | Noticed Snorg
 32456 | D:13     | Killed Snorg
 32602 | D:13     | Found Jaant's Island Escapes.
 32979 | D:13     | Reached skill level 11 in Polearms
 33017 | D:13     | Found a gate to the Vaults.
 33437 | D:14     | Reached XP level 16. HP: 101/123 MP: 31/31
 34028 | D:15     | Entered Level 15 of the Dungeon
 34028 | D:15     | Found Veluloc's Weapon Emporium.
 34314 | D:15     | Reached skill level 9 in Hexes
 34314 | D:15     | Reached skill level 9 in Summonings
 34314 | D:15     | Reached skill level 9 in Necromancy
 34314 | D:15     | Reached skill level 9 in Translocations
 34314 | D:15     | Reached skill level 9 in Transmutations
 34314 | D:15     | Reached skill level 9 in Fire Magic
 34314 | D:15     | Reached skill level 9 in Ice Magic
 34314 | D:15     | Reached skill level 9 in Air Magic
 34314 | D:15     | Reached skill level 9 in Earth Magic
 34314 | D:15     | Reached skill level 9 in Poison Magic
 34578 | D:15     | Reached skill level 11 in Armour
 34736 | D:15     | Found a shadowy altar of Dithmenos.
 34808 | D:15     | You pick up a book of Flames and begin reading...
 34808 | D:15     | You add the spells Foxfire, Conjure Flame, Inner Flame,
                  | Sticky Flame and Fireball to your library.
 34815 | D:15     | Learned a level 5 spell: Fireball
 34900 | D:15     | Bought the +5 hand axe of Foolhardiness {vorpal, rPois rF+
                  | rC- Int+5} for 716 gold pieces
 34935 | D:15     | Found a staircase to the Depths.
 34974 | D:15     | You pick up a book of Flames and begin reading...
 35570 | Swamp:1  | Entered Level 1 of the Swamp
 35829 | Swamp:1  | Noticed Nikola
 35858 | Snake:1  | Entered Level 1 of the Snake Pit
 35858 | Snake:1  | Found Vyphosow's Antique Armour Shop.
 36266 | Snake:1  | Bought a jewelled ring mail for 225 gold pieces
 36276 | Snake:1  | Identified the cursed +1 ring mail of Zetihui {-Tele rElec
                  | rC+++ Str-2} (You bought it in a shop on level 1 of the
                  | Snake Pit)
 36317 | Snake:1  | Noticed Azrael
 36420 | Lair:2   | Killed Azrael
 36421 | Lair:2   | Reached skill level 11 in Fighting
 36421 | Lair:2   | Reached skill level 11 in Short Blades
 36421 | Lair:2   | Reached skill level 11 in Long Blades
 36421 | Lair:2   | Reached skill level 11 in Axes
 36421 | Lair:2   | Reached skill level 11 in Maces & Flails
 36421 | Lair:2   | Reached skill level 11 in Staves
 36421 | Lair:2   | Reached skill level 11 in Slings
 36421 | Lair:2   | Reached skill level 11 in Bows
 36421 | Lair:2   | Reached skill level 11 in Crossbows
 36421 | Lair:2   | Reached skill level 11 in Throwing
 36421 | Lair:2   | Reached skill level 11 in Shields
 36421 | Lair:2   | Reached skill level 11 in Unarmed Combat
 36421 | Lair:2   | Reached skill level 11 in Evocations
 36591 | Lair:2   | Killed Nikola
 36592 | Lair:2   | Reached skill level 12 in Polearms
 36592 | Lair:2   | Reached skill level 12 in Spellcasting
 36920 | Swamp:1  | Reached skill level 12 in Invocations
 37020 | Swamp:1  | Got a steaming dagger
 37021 | Swamp:1  | Identified the +10 dagger "Byralec" {drain, +Blink rF+ rC+
                  | Int+4} (You found it on level 1 of the Swamp)
 37429 | Swamp:1  | You pick up a book of Fire and begin reading...
 37429 | Swamp:1  | You add the spells Ignite Poison and Starburst to your
                  | library.
 37501 | Swamp:1  | Learned a level 3 spell: Ignite Poison
 37840 | Swamp:2  | Reached skill level 12 in Dodging
 37929 | Swamp:2  | Reached skill level 12 in Armour
 38023 | Swamp:2  | Reached XP level 17. HP: 131/131 MP: 27/33
 39033 | Swamp:3  | Reached skill level 12 in Stealth
 40103 | Swamp:3  | You pick up a book of Callings and begin reading...
 40103 | Swamp:3  | You add the spells Summon Small Mammal, Call Imp, Call
                  | Canine Familiar, Summon Lightning Spire and Summon Ice
                  | Beast to your library.
 40161 | Swamp:3  | You pick up a book of Clouds and begin reading...
 40161 | Swamp:3  | You add the spells Poisonous Vapours, Mephitic Cloud and
                  | Freezing Cloud to your library.
 40167 | Swamp:3  | Learned a level 4 spell: Summon Lightning Spire
 40174 | Swamp:3  | Learned a level 6 spell: Invisibility
 40342 | Swamp:4  | Entered Level 4 of the Swamp
 40957 | Swamp:4  | Reached skill level 13 in Polearms
 41087 | Swamp:4  | Reached skill level 12 in Conjurations
 41299 | Swamp:4  | Reached skill level 10 in Hexes
 41299 | Swamp:4  | Reached skill level 10 in Summonings
 41299 | Swamp:4  | Reached skill level 10 in Necromancy
 41299 | Swamp:4  | Reached skill level 10 in Translocations
 41299 | Swamp:4  | Reached skill level 10 in Transmutations
 41299 | Swamp:4  | Reached skill level 10 in Fire Magic
 41299 | Swamp:4  | Reached skill level 10 in Ice Magic
 41299 | Swamp:4  | Reached skill level 10 in Air Magic
 41299 | Swamp:4  | Reached skill level 10 in Earth Magic
 41299 | Swamp:4  | Reached skill level 10 in Poison Magic
 42025 | Swamp:4  | Identified the ring of Daffodils {rN++ Str+6 Int-5 Dex+4
                  | Stlth-} (You found it on level 4 of the Swamp)
 42043 | Swamp:4  | Reached skill level 13 in Armour
 42926 | Swamp:4  | Got a decaying rune of Zot
 43267 | Snake:1  | Reached XP level 18. HP: 140/140 MP: 30/34
 43590 | Snake:1  | Identified Roxanne's Grimoire of Transformation
 43590 | Snake:1  | Noticed Roxanne
 43620 | Snake:1  | You pick up a book of Minor Magic and begin reading...
 43620 | Snake:1  | You add the spells Blink and Slow to your library.
 43680 | Snake:1  | Learned a level 2 spell: Blink
 43883 | Snake:1  | Reached skill level 12 in Fighting
 43883 | Snake:1  | Reached skill level 12 in Short Blades
 43883 | Snake:1  | Reached skill level 12 in Long Blades
 43883 | Snake:1  | Reached skill level 12 in Axes
 43883 | Snake:1  | Reached skill level 12 in Maces & Flails
 43883 | Snake:1  | Reached skill level 12 in Staves
 43883 | Snake:1  | Reached skill level 12 in Slings
 43883 | Snake:1  | Reached skill level 12 in Bows
 43883 | Snake:1  | Reached skill level 12 in Crossbows
 43883 | Snake:1  | Reached skill level 12 in Throwing
 43883 | Snake:1  | Reached skill level 12 in Shields
 43883 | Snake:1  | Reached skill level 12 in Unarmed Combat
 43883 | Snake:1  | Reached skill level 12 in Evocations
 44082 | Snake:1  | Killed Roxanne
 44220 | Snake:1  | You add the spells Beastly Appendage, Spider Form, Ice
                  | Form, Irradiate and Statue Form to your library.
 44264 | Snake:2  | Reached skill level 13 in Invocations
 44791 | Snake:2  | Reached skill level 13 in Spellcasting
 45013 | Snake:1  | Reached skill level 14 in Polearms
 45551 | Snake:2  | Reached skill level 13 in Dodging
 46606 | Snake:2  | Found Wisuzuink's Jewellery Shoppe.
 46607 | Snake:2  | Found Astrixku's Gadget Boutique.
 46607 | Snake:2  | Found Pomank's Gadget Boutique.
 46903 | Snake:3  | Reached skill level 14 in Armour
 46939 | Snake:3  | Found Apudwosk's Antique Armour Boutique.
 46947 | Snake:3  | Bought an embroidered robe for 155 gold pieces
 46947 | Snake:3  | Bought a bloodstained leather armour for 294 gold pieces
 46967 | Snake:3  | Identified the cursed +1 leather armour of Valiance
                  | {Rampage rCorr Int+7 Stlth-} (You bought it in a shop on
                  | level 3 of the Snake Pit)
 47129 | Snake:3  | Reached skill level 13 in Stealth
 48579 | Snake:4  | Entered Level 4 of the Snake Pit
 48590 | Snake:4  | Reached XP level 19. HP: 147/147 MP: 30/36
 49037 | Snake:4  | HP: 12/148 [nagaraja/lance of force (32)]
 49037 | Snake:4  | Collided with a rock wall

Vanquished Creatures
  Nikola (Lair:2)
  Roxanne (Snake:1)
  5 nagarajas (Snake:4)
  Azrael (Lair:2)
  Nessos (Lair:4)
  The ghost of Icepheonix32 the Stormcaller, a journeyman TeAE of Hepliaklqana (Lair:6)
  Snorg (D:13)
  5 bunyips
  A dire elephant (D:15)
  3 fire dragons (Swamp:4)
  6 eleionomae
  A shambling mangrove (Swamp:4)
  28 hydras
  8 naga warriors
  2 catoblepae (Lair:6)
  5 ogre magi
  18 anacondas
  2 ghost crabs
  20 two-headed ogres
  A centaur warrior (D:13)
  10 alligators
  9 death yaks
  A dancing weapon (Lair:6)
  Urug (D:10)
  3 tengu warriors (D:15)
  5 shock serpents
  15 naga sharpshooters
  3 fire crabs (Swamp:4)
  A goliath frog (Swamp:1)
  2 salamander mystics
  4 spriggan druids
  2 unseen horrors
  A wizard (D:14)
  9 naga ritualists
  7 swamp dragons
  4 bog bodies
  An orc knight (Orc:1)
  2 lindwurms (Lair:6)
  17 mana vipers
  2 will-o-the-wisps
  The ghost of hawla the Destroyer, a novice DECj of Vehumet (D:8)
  9 ugly things
  A necromancer (D:13)
  3 oklob plants (Lair:5)
  4 deep elf magi
  7 salamanders
  3 cyclopes
  5 manticores
  8 guardian serpents
  4 centaur zombies
  7 elephants
  46 black mambas
  2 ice statues (IceCv)
  19 naga magi
  Maggie (Lair:2)
  A torpor snail (Lair:6)
  8 cane toads
  5 kobold demonologists
  8 komodo dragons
  5 ice devils (IceCv)
  2 rime drakes (Lair:6)
  10 polar bears
  7 trolls
  A wolf spider simulacrum (D:15)
  5 tyrant leeches
  Prince Ribbit (Lair:2)
  15 hornets
  12 blink frogs
  2 slime creatures (D:15)
  4 raiju (Lair:6)
  13 dream sheep (Lair:6)
  3 shadows (D:15)
  13 spriggans
  3 wraiths
  3 fire bats (Swamp:4)
  2 vampires
  6 fire elementals (Snake:1)
  Eustachio (D:6)
  6 basilisks
  A water elemental (D:13)
  7 wyverns
  29 yaks
  14 vampire mosquitoes
  Grum (D:11)
  5 steam dragons
  46 nagas
  15 swamp worms
  7 wargs
  3 acid dragons
  15 hell hounds
  7 water moccasins
  3 ice beasts
  11 orc warriors
  13 black bears
  2 eyes of draining (D:4)
  A black bear (shapeshifter) (D:15)
  40 ogres
  9 sky beasts
  12 swamp drakes
  2 phantoms
  A necrophage (D:13)
  24 wolves
  15 centaurs
  20 bullfrogs
  21 big kobolds
  9 gnoll sergeants
  9 scorpions
  A killer bee (D:9)
  3 wights (D:7)
  5 electric eels
  4 howler monkeys
  11 jellies
  4 bullfrog zombies
  4 centaur skeletons
  22 orc priests
  6 hounds
  33 orc wizards
  6 gnoll shamans (Bailey)
  2 bullfrog skeletons
  2 iguanas
  14 worker ants
  A hound zombie (D:10)
  2 hound skeletons (D:7)
  A howler monkey zombie (D:9)
  25 gnolls
  22 adders
  A howler monkey skeleton (D:8)
  A shadow imp (D:8)
  24 white imps
  13 ufetubi
  2 oozes (Lair:5)
  An adder skeleton (D:5)
  4 worms
  4 dart slugs (D:1)
  6 leopard geckos
  101 orcs
  7 giant cockroaches
  3 hobgoblins
  12 jackals
  2 quokkas
  7 ball pythons
  5 bats
  4 frilled lizards
  13 goblins
  26 kobolds
  2 quokka skeletons
  7 rats
1221 creatures vanquished.

Vanquished Creatures (others)
  A reaper (IceCv)
  A hydra (Swamp:4)
  A goliath frog (Swamp:1)
  A swamp dragon (Swamp:3)
  A naga mage (Snake:2)
  A guardian serpent (Snake:4)
  A swamp drake (Swamp:4)
  A white imp (IceCv)
  4 ufetubi (IceCv)
  An orc (D:13)
  4 foxfires (Swamp:2)
  48 fulminant prisms
  23 fungi
  98 plants
186 creatures vanquished.

Grand Total: 1407 creatures vanquished

Table legend:
 A = Non-vault XP
 B = Vault XP
 C = Vault XP percentage of total XP
 D = Non-vault monster count
 E = Vault monster count
 F = Vault count percentage of total count
                 A         B        C        D         E       F
            +---------+---------+-------+---------+---------+-------
      Total |  216335 |  126818 |  37.0 |     817 |     407 |  33.3
            +---------+---------+-------+---------+---------+-------
        D:1 |      61 |       0 |   0.0 |      32 |       0 |   0.0
        D:2 |     183 |     102 |  35.8 |      23 |      11 |  32.4
        D:3 |     259 |       0 |   0.0 |      30 |       0 |   0.0
        D:4 |     376 |     256 |  40.5 |      22 |       4 |  15.4
        D:5 |     894 |       0 |   0.0 |      23 |       0 |   0.0
        D:6 |     723 |     197 |  21.4 |      24 |       1 |   4.0
        D:7 |    1918 |       0 |   0.0 |      22 |       0 |   0.0
        D:8 |    1884 |    1248 |  39.8 |      37 |       8 |  17.8
        D:9 |    1295 |     813 |  38.6 |      24 |       6 |  20.0
       D:10 |    4031 |     859 |  17.6 |      26 |       1 |   3.7
       D:11 |    4550 |    2463 |  35.1 |      23 |      56 |  70.9
       D:12 |    4356 |       0 |   0.0 |      26 |       0 |   0.0
       D:13 |    7026 |    3792 |  35.1 |      33 |       8 |  19.5
       D:14 |     896 |       0 |   0.0 |       3 |       0 |   0.0
       D:15 |   17818 |    4095 |  18.7 |      58 |       8 |  12.1
     Lair:1 |    2732 |       0 |   0.0 |       9 |       0 |   0.0
     Lair:2 |    8994 |    9978 |  52.6 |      23 |      15 |  39.5
     Lair:3 |    6447 |     125 |   1.9 |      21 |      12 |  36.4
     Lair:4 |    9554 |    1288 |  11.9 |      16 |       1 |   5.9
     Lair:5 |    3172 |    2242 |  41.4 |       9 |      10 |  52.6
     Lair:6 |    6902 |   23282 |  77.1 |      28 |      79 |  73.8
    Swamp:1 |    7502 |       0 |   0.0 |      14 |       0 |   0.0
    Swamp:2 |   12305 |       0 |   0.0 |      27 |       0 |   0.0
    Swamp:3 |   14049 |     137 |   1.0 |      25 |       1 |   3.8
    Swamp:4 |   19248 |   16403 |  46.0 |      32 |      28 |  46.7
    Snake:1 |   22643 |    5491 |  19.5 |      46 |      14 |  23.3
    Snake:2 |   21669 |   11976 |  35.6 |      48 |      22 |  31.4
    Snake:3 |   22727 |       0 |   0.0 |      39 |       0 |   0.0
    Snake:4 |    7499 |   19650 |  72.4 |      11 |      27 |  71.1
      Orc:1 |    1813 |     112 |   5.8 |      27 |       1 |   3.6
      Orc:2 |    2809 |   18369 |  86.7 |      36 |      39 |  52.0
     Bailey |       0 |    1221 | 100.0 |       0 |      30 | 100.0
      IceCv |       0 |    2719 | 100.0 |       0 |      25 | 100.0
            +---------+---------+-------+---------+---------+-------

Illustrated notes

Table legend:
 A = Kills in this place as a percentage of kills in entire the game.
 B = Kills by you in this place as a percentage of kills by you in the entire game.
 C = Kills by friends in this place as a percentage of kills by friends in the entire game.
 D = Other kills in this place as a percentage of other kills in the entire game.
 E = Experience gained in this place as a percentage of experience gained in the entire game.
 F = Experience gained in this place divided by the number of levels of this place that you have seen.
                   A       B       C       D       E      F
               +-------+-------+-------+-------+-------+----------------------
         Total | 100.0 | 100.0 |   N/A | 100.0 | 100.0 | 10398.6
       Dungeon |  41.6 |  41.7 |   N/A |   0.0 |  17.5 | 4006.3
          Lair |  18.2 |  18.3 |   N/A |   0.0 |  21.8 | 12452.7
         Swamp |  10.4 |  10.3 |   N/A |  33.3 |  20.3 | 17411.0
     Snake Pit |  16.9 |  16.8 |   N/A |  66.7 |  32.5 | 27913.8
  Orcish Mines |   8.4 |   8.4 |   N/A |   0.0 |   6.7 | 11551.5
        Bailey |   2.5 |   2.5 |   N/A |   0.0 |   0.4 | 1221.0
      Ice Cave |   2.0 |   2.0 |   N/A |   0.0 |   0.8 | 2719.0
               +-------+-------+-------+-------+-------+----------------------

Table legend: (Time is in decaauts)
 A = Elapsed time spent in this place.
 B = Non-inter-level travel time spent in this place.
 C = Inter-level travel time spent in this place.
 D = Time resting spent in this place.
 E = Time spent auto-exploring this place.
 F = Levels seen in this place.
 G = Mean time per level.
                   A        B        C        D        E       F      G
               +--------+--------+--------+--------+--------+-----+--------+
         Total |  69343 |  64562 |   4781 |    543 |  55130 |  33 | 2101.3 |
       Dungeon |  30166 |  27755 |   2411 |     82 |  24598 |  15 | 2011.1 |
          Lair |  15068 |  13848 |   1220 |    361 |  11594 |   6 | 2511.3 |
         Swamp |   8949 |   8326 |    623 |    100 |   7125 |   4 | 2237.2 |
     Snake Pit |   8797 |   8463 |    334 |      0 |   6975 |   4 | 2199.2 |
  Orcish Mines |   3399 |   3208 |    191 |      0 |   2671 |   2 | 1699.5 |
        Bailey |   1414 |   1414 |      0 |      0 |   1055 |   1 | 1414.0 |
      Ice Cave |   1547 |   1547 |      0 |      0 |   1111 |   1 | 1547.0 |
               +--------+--------+--------+--------+--------+-----+--------+

Top non-repeatable levels by time:
  Lair:2: 4161 daAuts
  Lair:6: 3565 daAuts
 Snake:1: 3555 daAuts
    D:10: 2968 daAuts
 Swamp:3: 2889 daAuts
    D:11: 2842 daAuts
 Snake:3: 2838 daAuts
     D:7: 2607 daAuts
 Swamp:4: 2568 daAuts
     D:9: 2526 daAuts
    D:12: 2325 daAuts
     D:8: 2223 daAuts
     D:5: 2063 daAuts
  Lair:5: 2017 daAuts
  Lair:1: 1976 daAuts
